 Dungeon Sprint DCSS version 0.21.1-1-g345015f (webtiles) character file.

1488 Fang the Cleaver (level 8, -7/88 HPs)
             Began as a Gargoyle Berserker on July 18, 2018.
             Was an Elder of Trog.
             Mangled by an emperor scorpion (14 damage)
             ... in the Dungeon (Sprint VII: "The Pits").
             The game lasted 00:06:33 (1174 turns).

Fang the Cleaver (Gargoyle Berserker)               Turns: 1174, Time: 00:06:33

Health: -7/88      AC: 10    Str: 27    XL:     8   Next: 80%
Magic:  2/2        EV: 15    Int: 12    God:    Trog [****..]
Gold:   0          SH:  0    Dex:  9    Spells: 7/7 levels left

rFire    . . .     SeeInvis .   n - +7 executioner's axe (antimagic)
rCold    . . .     Gourm    .   (shield currently unavailable)
rNeg     + . .     Faith    .   b - +0 animal skin
rPois    ∞         Spirit   .   (no helmet)
rElec    +         Reflect  .   (no cloak)
rCorr    .         Harm     .   (no gloves)
MR       .....     NoTele   +   (no boots)
Stlth    ..........             (no amulet)
HPRegen  0.24/turn              o - +3 ring of protection
MPRegen  0.08/turn              p - +3 ring of intelligence

@: berserking (expiring), very quick
A: negative energy resistance 1, electricity resistance, unbreathing,
petrification resistance, rot immunity, AC +5
a: Berserk, Trog's Hand, Brothers in Arms, Burn Spellbooks, Renounce Religion


You were in the Dungeon.
You worshipped Trog.
Trog was greatly pleased with you.
You were hungry.

You visited 1 branch

Inventory:

Hand Weapons
 m - a +0 hand axe of chopping
 n - a +7 antimagic executioner's axe (weapon)
 q - a +1 broad axe of freezing
Armour
 b - a +0 animal skin (worn)
Jewellery
 o - a +3 ring of protection (left hand)
 p - a +3 ring of intelligence (right hand)
Scrolls
 i - a scroll of blinking
 k - 3 scrolls of remove curse
 l - a scroll of summoning
Potions
 a - 2 potions of invisibility
 d - 9 potions of curing
 e - 11 potions of heal wounds
 f - 4 potions of haste
 g - 4 potions of magic
 h - 3 potions of berserk rage
Comestibles
 c - 9 rations
 j - 4 chunks of flesh


   Skills:
 + Level 10.7 Fighting
 + Level 11.9 Axes
 + Level 3.6 Armour
 + Level 7.6 Dodging
 + Level 6.3 Stealth


You had 7 spell levels left.
You didn't know any spells.

Dungeon Overview and Level Annotations

Branches:
Dungeon (1/1)

Altars:
Ashenzari
Cheibriados
Dithmenos
Elyvilon
Fedhas
Gozag
Hepliaklqana
Kikubaaqudgha
Makhleb
Nemelex Xobeh
Okawaru
Qazlal
Ru
Sif Muna
Trog
Uskayaw
Vehumet
Wu Jian
Xom
Yredelemnul
Zin
The Shining One
Beogh
Jiyva
Lugonu


Innate Abilities, Weirdness & Mutations

You are resistant to torment.
Your stone body is resilient. (AC +5)
You are immune to poison.
You resist negative energy. (rN+)
You are resistant to electric shocks. (rElec)
You can survive without breathing.
You are immune to petrification.
You are immune to rotting.


Message History

You are too injured to fight recklessly!
You are too injured to fight recklessly!
Unknown command.
You are too injured to fight recklessly!
Unknown command.
You are too injured to fight recklessly!
Unknown command.
You are too injured to fight recklessly!
You slice the emperor scorpion like a ripe choko!!!
The emperor scorpion is moderately wounded.
The blink frog blinks! x2; The emperor scorpion stings you.
* * * LOW HITPOINT WARNING * * *
The emperor scorpion claws you.
* * * LOW HITPOINT WARNING * * *
The emperor scorpion closely misses you.
You slash the emperor scorpion!
The emperor scorpion is moderately wounded.
You barely miss the blink frog. The blink frog misses you.
The emperor scorpion stings you!
You die...

#'#####'#####''######
..##.......##''#
..##.......##..#
####.......##).# #
..##...<...##.†# .##
..##.......##÷.# ...#
..##.......##..## .....
####.......##...##x.....
..###########..F@sOF....
.############..F##F.....
.#....#..[[##..## .....
'#..).#..[[##..# ...#
)'....'..))##..# .##
'#....#...)##..# #
.#....#..))##..#
################


You could see an emperor scorpion, a two-headed ogre, 4 blink frogs and a small
abomination.

Vanquished Creatures
  Prince Ribbit (D)
  A blink frog (D)
  A redback (D)
  A hungry ghost (D)
  A water moccasin (D)
  An ogre (D)
  2 centaurs (D)
  An orc priest (D)
  2 orc wizards (D)
  A mummy (D)
  A river rat (D)
  An ufetubus (D)
  A leopard gecko (D)
  2 orcs (D)
  A ball python (D)
  A bat (D)
  2 bat skeletons (D)
  A giant cockroach (D)
  A goblin (D)
  2 quokkas (D)
  A frilled lizard (D)
  A kobold (D)
  A rat (D)
28 creatures vanquished.

Vanquished Creatures (collateral kills)
  A lindwurm (D)
  An efreet (D)
  A scorpion (D)
3 creatures vanquished.

Grand Total: 31 creatures vanquished

Notes
Turn   | Place    | Note
-------+----------+-------------------------------------------
     0 | D        | Fang the Gargoyle Berserker began the quest for the Orb.
     0 | D        | Reached XP level 1. HP: 14/14 MP: 1/1
    20 | D        | Found a bloodstained altar of Trog.
    20 | D        | Found a deep blue altar of Sif Muna.
    20 | D        | Found a viscous altar of Jiyva.
    20 | D        | Found a hazy altar of Hepliaklqana.
    20 | D        | Found an opulent altar of Gozag.
    21 | D        | Found a glowing golden altar of the Shining One.
    21 | D        | Found a glowing silver altar of Zin.
    21 | D        | Found a basalt altar of Yredelemnul.
    21 | D        | Found a shimmering altar of Xom.
    21 | D        | Found an ornate altar of the Wu Jian Council.
    21 | D        | Found a sacrificial altar of Ru.
    21 | D        | Found a stormy altar of Qazlal.
    21 | D        | Found an iron altar of Okawaru.
    21 | D        | Found a sparkling altar of Nemelex Xobeh.
    21 | D        | Found a burning altar of Makhleb.
    21 | D        | Found a blossoming altar of Fedhas.
    21 | D        | Found a white marble altar of Elyvilon.
    21 | D        | Found a shadowy altar of Dithmenos.
    21 | D        | Found a snail-covered altar of Cheibriados.
    23 | D        | Found a radiant altar of Vehumet.
    23 | D        | Found a corrupted altar of Lugonu.
    23 | D        | Found a roughly hewn altar of Beogh.
    65 | D        | Reached skill level 3 in Axes
    70 | D        | Reached ** piety under Trog
    97 | D        | Reached XP level 2. HP: 17/20 MP: 2/2
    99 | D        | Reached *** piety under Trog
   105 | D        | Reached skill level 4 in Axes
   452 | D        | Noticed an ogre
   454 | D        | Noticed a water moccasin
   471 | D        | Killed an ogre
   471 | D        | Reached **** piety under Trog
   471 | D        | Reached skill level 5 in Axes
   471 | D        | Reached XP level 3. HP: 24/27 MP: 3/3
   471 | D        | Reached XP level 4. HP: 29/32 MP: 4/4
   482 | D        | Killed a water moccasin
   482 | D        | Reached skill level 7 in Axes
   482 | D        | Reached XP level 5. HP: 18/38 MP: 5/5
   697 | D        | Noticed Prince Ribbit
   704 | D        | Reached XP level 6. HP: 44/44 MP: 6/6
   704 | D        | Reached skill level 5 in Dodging
   706 | D        | Reached ***** piety under Trog
   706 | D        | Reached skill level 8 in Axes
   707 | D        | Killed Prince Ribbit
   707 | D        | Received a gift from Trog
   707 | D        | Reached skill level 9 in Axes
   707 | D        | Reached XP level 7. HP: 51/51 MP: 7/7
   770 | D        | Noticed a hungry ghost
   774 | D        | Killed a hungry ghost
   774 | D        | Reached skill level 10 in Axes
   778 | D        | Received a gift from Trog
   928 | D        | Reached skill level 5 in Stealth
  1006 | D        | Found a hide-covered altar of Uskayaw.
  1006 | D        | Found an ancient bone altar of Kikubaaqudgha.
  1006 | D        | Found a shattered altar of Ashenzari.
  1036 | D        | Noticed a lindwurm
  1039 | D        | Noticed an efreet
  1043 | D        | Killed a lindwurm
  1043 | D        | Reached skill level 10 in Fighting
  1043 | D        | Reached XP level 8. HP: 41/57 MP: 2/8
  1050 | D        | Reached skill level 11 in Axes
  1051 | D        | Killed an efreet
  1161 | D        | Noticed a blink frog
  1161 | D        | Noticed a blink frog
  1161 | D        | Noticed a blink frog
  1161 | D        | Noticed a blink frog
  1161 | D        | Noticed a blink frog
  1161 | D        | Noticed an emperor scorpion
  1161 | D        | Noticed a two-headed ogre
  1161 | D        | Noticed a redback
  1167 | D        | Killed a blink frog
  1168 | D        | Killed a redback
  1174 | D        | Mangled by an emperor scorpion

Skill      XL: |  1  2  3  4  5  6  7  8 |
---------------+-------------------------+-----
Axes           | 3 5 7 9 10 11 | 11.9
Fighting       | 4 6 7 9 10 | 10.7
Dodging        | 3 4 5 7 |  7.6
Armour         | 3 |  3.6
Stealth        | 2 3 5 6 |  6.3

Action                   |  1- 3 |  4- 6 |  7- 9 || total
-------------------------+-------+-------+-------++-------
Melee: Hand axe          |    38 |    18 |       ||    56
       Executioner's axe |       |       |    24 ||    24
Invok: Berserk           |     2 |     1 |     2 ||     5
       Brothers in Arms  |       |       |     2 ||     2
  Use: Potion            |       |       |     1 ||     1
 Stab: Sleeping          |     1 |       |     2 ||     3
  Eat: Chunk             |       |     1 |     6 ||     7
Armor: Animal skin       |    12 |     2 |     4 ||    18
Dodge: Dodged            |    36 |     9 |    17 ||    62
